 Dungeon Crawl Stone Soup version 0.25.1-8-g42b30a86e7 (webtiles) character file.

Game seed: 2428465569012971738

90 hawla the Magician (level 4, -5/33 HPs)
             Began as a Draconian Conjurer on Dec 6, 2020.
             Slain by Grinder (8 damage)
             ... on level 3 of the Dungeon.
             The game lasted 00:04:31 (2604 turns).

hawla the Magician (Draconian Conjurer)             Turns: 2604, Time: 00:04:31

Health: -5/33      AC:  5    Str: 10    XL:     4   Next: 32%
Magic:  3/10       EV: 12    Int: 17    God:
Gold:   166        SH:  0    Dex: 11    Spells: 8/11 levels left

rFire    + . .     SeeInvis .   (no weapon)
rCold    + . .     Gourm    .   (no shield)
rNeg     . . .     Faith    .   (armour unavailable)
rPois    +         Spirit   .   (helmet restricted)
rElec    +         Reflect  .   (no cloak)
rCorr    +         Harm     .   (no gloves)
MR       .....                  (no boots)
Stlth    ++........             (no amulet)
HPRegen  0.11/turn              (no ring)
MPRegen  0.12/turn              (no ring)

@: resistant
A: unfitting armour, cold-blooded, AC +5
a: no special abilities


You were on level 3 of the Dungeon.
You were not hungry.

You visited 1 branch of the dungeon, and saw 3 of its levels.

You collected 166 gold pieces.

Inventory:

Missiles
 f - 6 curare-tipped darts (quivered)
Wands
 h - a wand of iceblast (8)
Scrolls
 a - 2 scrolls of enchant armour
 c - a scroll of teleportation {unknown}
 e - a scroll of remove curse {unknown}
 g - 2 scrolls of identify {unknown}
Potions
 d - a potion of resistance
Comestibles
 b - 4 rations


   Skills:
 - Level 1.7 Dodging
 - Level 1.7 Stealth
 + Level 4.3 Spellcasting
 - Level 4.0 Conjurations


You had 8 spell levels left.
You knew the following spells:

 Your Spells              Type           Power        Failure   Level  Hunger
a - Magic Dart            Conj           ###.         3%          1    None
b - Searing Ray           Conj           ###...       4%          2    ##.....

Your spell library contained the following spells:

 Spells                   Type           Power        Failure   Level  Hunger
 Dazzling Flash           Conj/Hex       ##....       21%         3    ###....
 Fulminant Prism          Conj/Hex       ##........   54%         4    ####...
 Iskenderun's Mystic Bla  Conj/Tloc      ##......     54%         4    ####...


Dungeon Overview and Level Annotations

Branches:
Dungeon (3/15)

Altars:
Ru
Yredelemnul

Annotations:
D:3 Grinder


Innate Abilities, Weirdness & Mutations

Your plain brown scales are hard. (AC +5)
You cannot fit into any form of body armour.
You are cold-blooded and may be slowed by cold attacks.


Message History

Aiming: Searing Ray (safe; 4% risk of failure)
Press: ? - help, Shift-Dir - straight line, f/p - Grinder
Aim: Grinder (lightly wounded)
The searing ray hits Grinder!
Grinder is heavily wounded. (Press . to maintain the ray.) Grinder barely misses you.
The searing ray hits Grinder!
Grinder is severely wounded.
Grinder hits you!
* * * LOW HITPOINT WARNING * * *
You writhe in agony.
* * * LOW HITPOINT WARNING * * *
Okay, then.
Okay, then.
As you read the scroll labeled QIRGHE MYFE, it crumbles to dust.
It is a scroll of enchant armour.
You aren't carrying any armour which can be enchanted further.
Grinder hits you!
You die...

## ## .# #.# ..... ## .#.#
#. .# #.. ... ..... ..
####.######5#.#.#.#.#
...##....#...#@..........
..#..........#.#.#.#.#.##
#......................#
#...........#.#.#.#.#.###
##............>......÷...#
#............#.#.#.#.#.#.#
#.##...##......########..#
###<######### #.## #†# #.#


You could see Grinder.

Vanquished Creatures
  Jessica (D:2)
  Terence (D:2)
  4 dart slugs
  A leopard gecko (D:1)
  A ball python (D:1)
  A giant cockroach (D:1)
  2 goblins (D:1)
  3 hobgoblins
  2 jackals (D:1)
  4 kobolds
  4 bats
  5 frilled lizards
  3 rats
32 creatures vanquished.

Notes
Turn   | Place    | Note
-------+----------+-------------------------------------------
     0 | D:1      | hawla the Draconian Conjurer began the quest for the Orb.
     0 | D:1      | Reached XP level 1. HP: 14/14 MP: 3/3
   278 | D:1      | Reached XP level 2. HP: 20/20 MP: 1/5
   282 | D:1      | Learned a level 2 spell: Searing Ray
   517 | D:1      | You fall into a shaft and drop 1 floor!
  1353 | D:1      | Reached XP level 3. HP: 26/26 MP: 3/7
  1641 | D:2      | You fall into a shaft and drop 1 floor!
  1696 | D:3      | Noticed Grinder
  1848 | D:2      | Noticed Terence
  1879 | D:2      | Killed Terence
  2137 | D:2      | Found a sacrificial altar of Ru.
  2137 | D:2      | Noticed Jessica
  2145 | D:2      | Killed Jessica
  2145 | D:2      | Reached XP level 4. HP: 33/33 MP: 0/10
  2407 | D:2      | Found a basalt altar of Yredelemnul.
  2604 | D:3      | Slain by Grinder

Illustrated notes

Levels and vault maps discovered:
D:1:      heliophobic_arrival_battle_scene, layout_basic
D:2:      layout_basic, nicolae_overflow_hidden_temple, nicolae_ru_awakened_eye,
          uniq_jessica, uniq_terence
D:3:      layout_rooms, nicolae_tso_carved_into_rock, minmay_tree_intersection,
          st_stairs_10, kennysheep_minor_cross, minmay_misc_feat_more_columns,
          minivault_19, uniq_grinder

Skill      XL: |  1  2  3 |
---------------+----------+-----
Spellcasting   | 3 4 |  4.3
Dodging        | |  1.7
Stealth        | |  1.7
Conjurations   | |  4.0

Action                   |  1- 3 |  4- 6 || total
-------------------------+-------+-------++-------
Melee: Unarmed           |    15 |       ||    15
       Tailslap          |     2 |       ||     2
 Cast: Magic Dart        |    50 |       ||    50
       Searing Ray       |    12 |     4 ||    16
Evoke: Wand              |     1 |       ||     1
  Use: Potion            |     2 |     1 ||     3
       Scroll            |       |     1 ||     1
  Eat: Chunk             |     4 |       ||     4
       Ration            |       |     1 ||     1
Armor: Skin              |     5 |     1 ||     6
Dodge: Dodged            |    29 |     2 ||    31
